[Event "Late-Titled-Tuesday-Blitz-May-28-2024"]
[Site "Chess.com"]
[Date "2024.05.28"]
[Round "6"]
[White "Onthequiet"]
[Black "shirovin"]
[Result "0-1"]
[WhiteElo "2429"]
[BlackElo "2125"]
[TimeControl "180+1"]
[EndTime "15:07:24 PDT"]
[Termination "shirovin won by checkmate"]

1. d4 f5 2. Nc3 d5 3. Bg5 Nf6 4. Bxf6 exf6 5. e3 c6 6. a3 Bd6 7. Nge2 O-O 8. g3 Na6 9. Nf4 Nc7 10. Bd3 a5 11. Qh5 Qe8 12. Qxe8 Rxe8 13. O-O-O b5 14. h4 b4 15. Nb1 Rb8 16. a4 Ba6 17. Bxa6 Nxa6 18. Nd2 Bxf4 19. gxf4 c5 20. Nb3 c4 21.
Nxa5 Nc7 22. Kd2 Re6 23. b3 c3+ 24. Kd3 Ra6 25. Nc4 dxc4+ 26. bxc4 Rxa4 27. Ra1 Rba8 28. Rxa4 Rxa4 29. d5 Ra2 30. Rb1 Rb2 31. Ra1 h5 32.
Ra7 Ne8 33. c5 b3 34. Kxc3 Rxc2+ 35. Kxb3 Rxc5 36. Rd7 Kf8 37. Kb4 Rc1 38. f3 g6 39.
e4 fxe4 40. fxe4 Re1 41. e5 fxe5 42. fxe5 Rxe5 43. Kc5 Re4 44. Kc6 Rxh4 45. Ra7 Rf4 46. Rh7 Rf7 47. Rh8+ Ke7 48. Rg8 Rg7 49. Rh8 Nf6 50. d6+ Ke6 51. Ra8 Rd7 52. Ra1 Rxd6+ 53. Kc5 Rd5+ 54. Kc6 Re5 55. Rg1 g5 56. Rh1 g4 57.
Ra1 Kf5 58. Kd6 g3 59. Rg1 Re3 60. Kc5 Ne4+ 61. Kd4 Re2 62. Rh1 g2 63. Rxh5+ Kf4 64. Rh8 g1=Q+ 65. Kd5 Qd1+ 66. Ke6 Rc2 67. Rf8+ Ke3 68.
Rh8 Qd6+ 69. Kf7 Rc7+ 70. Kg8 Qd8# 0-1

[Event "Late-Titled-Tuesday-Blitz-May-28-2024"]
[Site "Chess.com"]
[Date "2024.05.28"]
[Round "6"]
[White "topce"]
[Black "GlavkonVVS"]
[Result "1-0"]
[WhiteElo "2404"]
[BlackElo "2557"]
[TimeControl "180+1"]
[EndTime "15:07:25 PDT"]
[Termination "topce won by resignation"]

1. c4 Nf6 2. Nc3 c5 3. g3 d6 4. Bg2 Nc6 5. d3 e6 6. Nf3 Be7 7. O-O O-O 8. b3 a6 9. Bb2 Rb8 10. d4 cxd4 11. Nxd4 Bd7 12. Nc2 Qa5 13. a3 Rfc8 14.
e4 Ne5 15. Rb1 b5 16. f4 Qb6+ 17. Kh1 Neg4 18. Qe2 bxc4 19. b4 h5 20. h3 Nh6 21.
Ne3 Qc7 22. Rbd1 a5 23. e5 dxe5 24. fxe5 Qxe5 25. Ncd5 c3 26. Nxe7+ Kf8 27. Rxf6 gxf6 28. Nxc8 cxb2 29. Nd6 Qxd6 30. Qxb2 Qxg3 31. Qxf6 Qxe3 32. Rxd7 Rc8 33. Qe7+ Kg7 34. Rd1 Nf5 35. Qd7 Rc2 36.
Qd3 Ng3+ 37. Kh2 Qxd3 38. Rxd3 Nf5 39. bxa5 Ra2 40. a6 Nh4 41. Rg3+ Kf6 42. a7 Nxg2 43. a8=Q Nf4+ 44. Kg1 Ne2+ 45. Kf2 Nd4+ 46. Ke1 Nc2+ 47. Kd1 Nxa3 48. Rxa3 1-0

[Event "Late-Titled-Tuesday-Blitz-May-28-2024"]
[Site "Chess.com"]
[Date "2024.05.28"]
[Round "6"]
[White "ozates"]
[Black "Veleamater"]
[Result "1/2-1/2"]
[WhiteElo "2621"]
[BlackElo "2462"]
[TimeControl "180+1"]
[EndTime "15:07:26 PDT"]
[Termination "Game drawn by stalemate"]

1. e4 d6 2. d4 g6 3. Nc3 Bg7 4. Nf3 Nf6 5. h3 O-O 6. Be2 Nc6 7. O-O h6 8. Be3 e5 9. Qd2 Kh7 10. Rfe1 Nd7 11. dxe5 Ndxe5 12. Nxe5 dxe5 13. Nd5 Be6 14. c3 a6 15. Rad1 f5 16. exf5 gxf5 17. f4 e4 18. a4 Rf7 19. c4 Rd7 20. g4 Ne7 21.
Bd4 Nxd5 22. Bxg7 Rxg7 23. cxd5 Bd7 24. Qe3 Qh4 25. Bf1 fxg4 26. Qxe4+ Kh8 27. hxg4 Bxg4 28. Bg2 Bxd1 29. Rxd1 Rag8 30. Rd2 Re7 31. Qd4+ Rgg7 32. Rd1 Qg3 33. Qf2 Qb3 34. Re1 Qb6 35. Rxe7 Qxf2+ 36. Kxf2 Rxe7 37. Bh3 b6 38. Kf3 Kg7 39. Be6 Kf6 40.
f5 Ke5 41. b4 a5 42. bxa5 bxa5 43. Kg4 c6 44. dxc6 Rxe6 45. fxe6 Kxe6 46. Kh5 Kd6 47. Kxh6 Kxc6 48. Kg5 Kc5 49. Kf4 Kb4 50. Ke3 Kxa4 51.
Kd2 Kb3 52. Kc1 Ka2 53. Kc2 a4 54. Kc1 a3 55. Kc2 Ka1 56. Kc1 a2 57. Kc2 1/2-1/2

[Event "Late-Titled-Tuesday-Blitz-May-28-2024"]
[Site "Chess.com"]
[Date "2024.05.28"]
[Round "6"]
[White "maracayo"]
[Black "cassoulet"]
[Result "0-1"]
[WhiteElo "2421"]
[BlackElo "2713"]
[TimeControl "180+1"]
[EndTime "15:07:26 PDT"]
[Termination "cassoulet won by checkmate"]

1. e4 c5 2. Nf3 d6 3. d4 cxd4 4. Nxd4 Nf6 5. Nc3 Bd7 6. Bg5 e5 7. Nf5 Bc6 8. Qf3 Nbd7 9. O-O-O Qa5 10. Bxf6 Nxf6 11. Nxd6+ Bxd6 12. Rxd6 O-O 13. Rxf6 gxf6 14. Qxf6 Qd8 15. Qxe5 Re8 16. Qf4 Qd4 17. Bd3 Rad8 18. h4 Qe5 19. Qg5+ Kh8 20. f4 Qg7 21. e5 Rd4 22.
Ne2 Ra4 23. b3 Rxa2 24. Kb1 Ra5 25. Ng3 h6 26. Qxg7+ Kxg7 27. Nf5+ Kf8 28. Rg1 Re6 29. g4 Bb5 30. c4 Rea6 31. Kb2 Bd7 32. Nd6 Ra2+ 33. Kc3 Rb6 34. g5 hxg5 35. hxg5 Rf2 36. Rh1 Rxf4 37. Rh8+ Kg7 38. Rd8 Bc6 39. c5 Ra6 40. g6 fxg6 41. Rc8 Ra5 42. Rc7+ Kh6 43. Nf7+ Kh5 44. b4 Ra3+ 45. Kc2 Rxb4 46. Nd6 Ba4+ 47. Kd2 Rd4 48. Ke3 Raxd3+ 49. Ke2 Rd2+ 50. Ke3 R4d3+ 51.
Ke4 Bc6+ 52. Kf4 Rf3# 0-1

[Event "Late-Titled-Tuesday-Blitz-May-28-2024"]
[Site "Chess.com"]
[Date "2024.05.28"]
[Round "6"]
[White "subham777"]
[Black "TheAlienParty"]
[Result "1-0"]
[WhiteElo "2568"]
[BlackElo "2379"]
[TimeControl "180+1"]
[EndTime "15:07:27 PDT"]
[Termination "subham777 won on time"]

1. e4 e5 2. Nf3 Nc6 3. Bc4 Bc5 4. c3 Nf6 5. d3 O-O 6. Nbd2 d5 7. exd5 Nxd5 8. Ne4 Be7 9. Nfg5 h6 10. h4 hxg5 11.
hxg5 g6 12. Qf3 Nf4 13. Bxf4 exf4 14. Qxf4 Kg7 15. O-O-O Be6 16. Nf6 Rh8 17. Rxh8 Qxh8 18. Bxe6 fxe6 19. Qxc7 Qb8 20. Qd7 Qf4+ 21. Kb1 Qxg5 22.
Ne4 Qd5 23. Qc7 Rb8 24. f3 Qd8 25. Qg3 Bh4 26. Qh3 Bf6 27. Qxe6 Qe7 28. Qg4 Rh8 29.
d4 Rh4 30. Qg3 Nd8 31. d5 Nf7 32. d6 Qd8 33. d7 Be5 34. Qf2 Rh8 35. Qxa7 Rf8 36. Qxb7 Bf4 37. Qd5 Ne5 38. Nc5 Qe7 39. Ne6+ Kh6 40. Nxf8 Nxd7 41. Nxd7 Qe2 42. Qd3 Qxg2 43.
Nf8 Kg7 44. Qxg6+ Qxg6+ 45. Nxg6 Kxg6 46. a4 Kf5 47. b4 Ke6 48. Kc2 1-0

[Event "Late-Titled-Tuesday-Blitz-May-28-2024"]
[Site "Chess.com"]
[Date "2024.05.28"]
[Round "6"]
[White "Denmark2015"]
[Black "Mariia89"]
[Result "0-1"]
[WhiteElo "2549"]
[BlackElo "2223"]
[TimeControl "180+1"]
[EndTime "15:07:27 PDT"]
[Termination "Mariia89 won on time"]

1. d4 Nf6 2. c4 c5 3. d5 b5 4. cxb5 a6 5. bxa6 Bxa6 6. Nc3 d6 7. Nf3 g6 8. g3 Bg7 9. Bg2 O-O 10.
Rb1 Nbd7 11. O-O Qa5 12. Bd2 Rfb8 13. b3 Qb6 14. Ne1 Ne8 15. Nc2 Nc7 16. a4 Qb7 17. Na3 h5 18. h3 Nf6 19. Bg5 Qb4 20. Qc1 Ng4 21. Na2 Qd4 22. hxg4 Bxe2 23. Be3 Qxg4 24. Re1 Bf3 25. Qc4 Qf5 26. Bxf3 Qxf3 27. Red1 Be5 28. Qd3 Bxg3 29. fxg3 Qxg3+ 30. Kf1 Qf3+ 31. Bf2 Qh1+ 32.
Ke2 Qh2 33. Rh1 Qe5+ 34. Kd2 Nxd5 35. Nc4 Qf4+ 36. Be3 Qf6 37. Rbf1 Qe6 38. Nc1 Nb4 39. Qe2 Nc6 40. Bh6 Qxe2+ 41. Kxe2 Nd4+ 0-1

[Event "Late-Titled-Tuesday-Blitz-May-28-2024"]
[Site "Chess.com"]
[Date "2024.05.28"]
[Round "6"]
[White "MikeSailer"]
[Black "Maus7"]
[Result "1/2-1/2"]
[WhiteElo "2159"]
[BlackElo "2562"]
[TimeControl "180+1"]
[EndTime "15:07:28 PDT"]
[Termination "Game drawn by repetition"]

1. d4 Nf6 2. Nf3 e6 3. Bf4 c5 4. e3 Be7 5. c3 b6 6. Nbd2 O-O 7. Bd3 Ba6 8. Bxa6 Nxa6 9. O-O d6 10. h3 Qd7 11. Re1 Qb7 12. e4 cxd4 13. cxd4 Rfd8 14.
Rc1 Rac8 15. Rxc8 Rxc8 16. Qb1 h6 17. a3 Nb8 18. Rc1 Rxc1+ 19. Qxc1 Nbd7 20. Qc2 b5 21. Ne1 d5 22. e5 Ne4 23. Nd3 Nxd2 24. Bxd2 Nb6 25.
Bb4 Nc4 26. Bxe7 Qxe7 27. Nc5 Qc7 28. b4 Nxa3 29. Qa2 Nc4 30. Qa6 Qb8 31. Nb7 Qe8 32.
Qxa7 Qe7 33. Qb8+ Kh7 34. Nc5 Qg5 35. Qxb5 Qc1+ 36. Kh2 Qf4+ 37. Kg1 Qxd4 38. Nd7 Nxe5 39. Nf8+ Kg8 40. Qe8 Qd1+ 41. Kh2 Nc4 42. Nxe6+ Kh7 43.
Nf8+ Kg8 44. Ne6+ Kh7 45. Nf8+ Kg8 46. Ne6+ 1/2-1/2

[Event "Late-Titled-Tuesday-Blitz-May-28-2024"]
[Site "Chess.com"]
[Date "2024.05.28"]
[Round "6"]
[White "Navyblue1"]
[Black "Romkachess"]
[Result "0-1"]
[WhiteElo "2231"]
[BlackElo "2567"]
[TimeControl "180+1"]
[EndTime "15:07:28 PDT"]
[Termination "Romkachess won by resignation"]

1. d4 Nf6 2. c4 e6 3. Nf3 b6 4. g3 Bb7 5. Bg2 Bb4+ 6. Bd2 Be7 7. O-O O-O 8. Nc3 c5 9. dxc5 Bxc5 10. Qc2 d5 11.
cxd5 Nxd5 12. Nxd5 Bxd5 13. Bc3 Nd7 14. e4 Bb7 15.
Rfd1 Qe7 16. e5 Rab8 17. Qd2 Rfd8 18. Qf4 h6 19. h4 Nf8 20. b4 Ng6 21. Qc4 Bd5 22.
Qb5 a6 23. Qxa6 Bxb4 24. Bxb4 Qxb4 25. Qe2 Qe4 26. Qxe4 Bxe4 27. Re1 Bd5 28. a3 Ra8 29. Re3 Ra5 30. Rb1 Bxf3 31. Bxf3 Nxe5 32. Be2 Rd6 33. Rb4 Nd7 34. Reb3 g6 35. Bb5 Nc5 36. Re3 Kg7 37. Be2 Nd7 38. Kg2 Nf6 39. Reb3 Nd5 40. Re4 Ra8 41. Rd4 Rc6 42. Bf3 Rc5 43. Bxd5 exd5 44. Rbd3 Rca5 45. Rxd5 Rxa3 46. Rd6 Rxd3 47.
Rxd3 Rb8 48. Rb3 b5 49. Rb4 Rb7 50. Kf3 h5 51. Ke4 f5+ 52. Ke5 Kf7 53. Kd5 Kf6 54.
f4 Rd7+ 55. Kc6 Rd3 56. Rxb5 Rxg3 57. Kd6 Rg4 58. Kd5 Rxf4 59. Rb6+ Kg7 60. Ke6 Rxh4 61. Rb7+ Kh6 62. Kf6 Ra4 63. Rb6 h4 64. Kf7 Rg4 65. Rb8 Kg5 66. Rh8 Rg1 67. Rg8 Kf4 68. Rh8 Rg4 69. Kf6 Kg3 70. Rh6 h3 0-1

[Event "Late-Titled-Tuesday-Blitz-May-28-2024"]
[Site "Chess.com"]
[Date "2024.05.28"]
[Round "6"]
[White "Charodej1"]
[Black "nindjaxx8"]
[Result "1-0"]
[WhiteElo "2479"]
[BlackElo "2627"]
[TimeControl "180+1"]
[EndTime "15:07:29 PDT"]
[Termination "Charodej1 won on time"]

1. e4 e6 2. d4 d5 3. Nd2 c5 4. exd5 Qxd5 5. Ngf3 cxd4 6. Bc4 Qd6 7. O-O Nf6 8. Nb3 Nc6 9. Nbxd4 Nxd4 10. Nxd4 Be7 11. c3 O-O 12. Qf3 Qc7 13. Bb3 a5 14. Nb5 Qb6 15.
a4 Bd7 16. Be3 Bc5 17. Bg5 Be7 18. Be3 Bc5 19. Bg5 Bc6 20. Qf4 Nd5 21. Qh4 f5 22. Bc4 Rae8 23. Rae1 Kh8 24. Kh1 Rf7 25. Bf4 Nxf4 26.
Qxf4 Rfe7 27. f3 h6 28. Re2 Bd7 29. Qd2 e5 30. b4 axb4 31. cxb4 Bd4 32. a5 Qc6 33. Rc1 Qg6 34. Nxd4 exd4 35. Rce1 Rxe2 36. Rxe2 Rxe2 37. Qxe2 Qd6 38. Qd2 Bc6 39. Bd3 Qe5 40. Kg1 f4 41. Qe2 Qe3+ 42. Qxe3 dxe3 43. Kf1 Kg8 44.
b5 Bd5 45. a6 bxa6 46. bxa6 Kf7 47. a7 Ke7 48. Be4 1-0

[Event "Late-Titled-Tuesday-Blitz-May-28-2024"]
[Site "Chess.com"]
[Date "2024.05.28"]
[Round "6"]
[White "Felix-Rose"]
[Black "SharathRk6"]
[Result "0-1"]
[WhiteElo "2298"]
[BlackElo "2535"]
[TimeControl "180+1"]
[EndTime "15:07:29 PDT"]
[Termination "SharathRk6 won by resignation"]

1. e4 e5 2. Nf3 Nc6 3. Bb5 a6 4.
Ba4 Nf6 5. O-O b5 6. Bb3 Bc5 7. a4 Bb7 8. axb5 axb5 9. Rxa8 Bxa8 10. d3 d6 11. Bg5 h6 12. Bxf6 Qxf6 13. Nc3 Na7 14. Qa1 O-O 15. Qa6 c6 16. Ne2 Qe7 17.
c3 Bb7 18. Qa2 Ra8 19. Ra1 Nc8 20. Qb1 Rxa1 21. Qxa1 Qd7 22. Qa2 Qe8 23. h3 Ne7 24.
Ng3 Ng6 25. Nf5 Nf4 26. d4 exd4 27. cxd4 Bb4 28. Qa7 Qa8 29. Qxa8+ Bxa8 30. h4 Kf8 31. g3 Ne6 32. Ne3 g6 33. Nc2 Ba5 34. Bxe6 fxe6 35. Kf1 Ke7 36. Ke2 c5 37. Kd3 c4+ 38. Ke3 Bb6 39.
Nh2 e5 40. Ng4 h5 41. Nh2 b4 42. Nf3 b3 43. Na3 exd4+ 44. Nxd4 d5 45. exd5 Bxd5 46. Nb5 Kf6 47. Nc3 Ke5 48. f4+ Kd6 49. Nb5+ Kc5 50.
Nc3 Bb7 51. Nde2 Kb4+ 52. Kd2 Bf3 53. Ng1 Bxg1 0-1

[Event "Late-Titled-Tuesday-Blitz-May-28-2024"]
[Site "Chess.com"]
[Date "2024.05.28"]
[Round "6"]
[White "Slovineanu"]
[Black "NikitaShnadrygin"]
[Result "1-0"]
[WhiteElo "2555"]
[BlackElo "2721"]
[TimeControl "180+1"]
[EndTime "15:07:30 PDT"]
[Termination "Slovineanu won by resignation"]

1. d4 d5 2. Nf3 Nc6 3. c4 Bg4 4. cxd5 Bxf3 5. gxf3 Qxd5 6. e3 e5 7. Nc3 Bb4 8. Bd2 Bxc3 9. bxc3 Nf6 10. c4 Qd6 11. d5 Ne7 12. Qb3 b6 13. Bb4 c5 14.
dxc6 Qxc6 15. Bg2 Nd7 16. O-O Nc5 17. Qc2 O-O 18. f4 e4 19. Bxc5 Qxc5 20. Qxe4 Rac8 21.
Rac1 Nf5 22. Qd5 Nd6 23. Rfd1 Nxc4 24. Qxc5 Rxc5 25. Rd7 a5 26. Bd5 b5 27. a4 Nb6 28.
Rxc5 Nxd7 29. Rxb5 Rd8 30. Rxa5 Nb6 31. Bf3 g6 32. Ra6 Nc4 33. a5 Rd2 34. Ra8+ Kg7 35.
a6 Ra2 36. a7 Nd2 37. Kg2 Nxf3 38. Kxf3 h5 39. h4 Kf6 40. e4 Ra3+ 41. Ke2 Kg7 42. f3 Kf6 43. Kf2 Kg7 44. e5 Kh7 45. Ke2 Kg7 46.
Kd2 Kh7 47. Kc2 Kg7 48. Kb2 Ra6 49. Kc3 Ra1 50. Kd4 Ra4+ 51. Kc5 Ra1 52. Kd6 Ra6+ 53. Ke7 Re6+ 54. Kd7 Ra6 55. e6 fxe6 56. Ke7 Ra1 57.
Kxe6 Re1+ 58. Kd5 Rd1+ 59. Ke4 Re1+ 60. Kd3 Rd1+ 61. Ke2 Ra1 62. f5 gxf5 63. Ke3 Ra4 64. Kf2 Kh7 65. Kg3 Kg7 66. Kf2 Kh7 67. Ke2 Kg7 68.
Kd3 Kh7 69. Kc3 Kg7 70. Kb3 Ra6 71. Kc4 Ra1 72. Kd5 Ra5+ 73. Ke6 f4 74. Re8 Rxa7 75.
Re7+ Rxe7+ 76. Kxe7 Kg8 77. Kf6 Kh7 78. Kg5 Kg7 79.
Kxf4 Kf6 80. Ke4 Ke6 81. f4 Kf6 82. f5 Kf7 83. Ke5 Ke7 84. f6+ Kf7 85. Kf5 Kf8 86.
Kg5 Kg8 87. Kxh5 1-0

[Event "Late-Titled-Tuesday-Blitz-May-28-2024"]
[Site "Chess.com"]
[Date "2024.05.28"]
[Round "6"]
[White "RespectfulDaveOnYouTube"]
[Black "carloseduar100"]
[Result "1-0"]
[WhiteElo "2479"]
[BlackElo "2295"]
[TimeControl "180+1"]
[EndTime "15:07:32 PDT"]
[Termination "RespectfulDaveOnYouTube won by resignation"]

1. e4 e6 2. Qe2 d5 3. exd5 Qxd5 4. Nc3 Qa5 5. b3 Nf6 6. Bb2 a6 7. a3 Be7 8. g4 Nbd7 9. f4 h5 10. g5 Ng8 11. Bg2 c6 12. Nf3 Qc7 13. O-O-O Qxf4 14. Ne4 e5 15. Rhf1 Qg4 16. h3 Qe6 17. d4 f6 18. dxe5 Nxe5 19. Nxe5 fxe5 20. Kb1 Bd7 21. Qe3 O-O-O 22. Qa7 Be8 23. Rxd8+ Bxd8 24. Qa8+ Kc7 25. Rf8 Qe7 26. Rf1 Bg6 27. Bc3 Kb6 28. a4 Bxe4 29. a5+ Kc7 30. Bxe4 Qd6 31. Kb2 Ne7 32.
Rf7 g6 33. Rf6 Qc5 34. b4 Qb5 35. Re6 Nd5 36. Bxe5+ Kd7 37. Bxd5 Qxd5 38. Rd6+ Qxd6 39. Bxd6 Kxd6 40. Qa7 Bxg5 41. Qc5+ Kc7 42. Qxg5 Rg8 43. Qe7+ Kb8 44. Qf7 Rd8 45. Qxg6 Rd4 46. c3 Rh4 47.
Qg3+ Ka7 48. Qxh4 1-0

[Event "Late-Titled-Tuesday-Blitz-May-28-2024"]
[Site "Chess.com"]
[Date "2024.05.28"]
[Round "6"]
[White "LiemLe"]
[Black "Abund"]
[Result "0-1"]
[WhiteElo "3019"]
[BlackElo "2829"]
[TimeControl "180+1"]
[EndTime "15:07:34 PDT"]
[Termination "Abund won by checkmate"]

1. c4 e6 2. Nf3 d5 3. g3 Nf6 4.
Bg2 dxc4 5. Qa4+ Bd7 6. Qxc4 c5 7.
Ne5 Qc8 8. a4 Nc6 9. Nxd7 Qxd7 10.
a5 Rc8 11. O-O Be7 12. Nc3 O-O 13. d3 Rfd8 14. Be3 Nd5 15. Bd2 Nd4 16. e3 b5 17.
axb6 Nxb6 18. Qa2 Nc2 19. Rad1 Nb4 20. Qa5 Nxd3 21. Bc1 c4 22. Ne2 Qa4 23. Qh5 g6 24. Qh6 Bf8 25. Qh4 Bg7 26. Nf4 Qb5 27. Be4 Rd7 28. Qh3 Nxb2 29. Bxb2 Bxb2 30. Nxe6 fxe6 31. Qxe6+ Kg7 32. Bc2 Rcd8 33. Rxd7+ Qxd7 34. Qe4 Re8 35. Qf3 Qf7 36. Qe2 Bf6 37. h4 h5 38. Rb1 Qe6 39. Rb5 Rd8 40. Ra5 Rd7 41. Qf3 Nd5 42. Kh2 Nb4 43. Be4 c3 44. Rc5 Re7 45. Bb1 Qg4 46.
Qa8 Qe2 47. Kg2 c2 48. Bxc2 Nxc2 49. Rc8 Nxe3+ 50. Kh3 Qf1+ 51. Kh2 Ng4# 0-1

[Event "Late-Titled-Tuesday-Blitz-May-28-2024"]
[Site "Chess.com"]
[Date "2024.05.28"]
[Round "6"]
[White "WPWPWP-2015"]
[Black "Hirna2005"]
[Result "1-0"]
[WhiteElo "2518"]
[BlackElo "2353"]
[TimeControl "180+1"]
[EndTime "15:07:34 PDT"]
[Termination "WPWPWP-2015 won by resignation"]

1. e4 g6 2. d4 Bg7 3. Nf3 d6 4. c4 Nc6 5. Be3 Bg4 6. Qa4 Bxf3 7. gxf3 Qd7 8. Qd1 e5 9. dxe5 dxe5 10. Qxd7+ Kxd7 11. Nc3 Nge7 12. O-O-O+ Nd4 13. Bh3+ f5 14. f4 Ke8 15.
fxe5 Ndc6 16. Nb5 Rc8 17. f4 a6 18. Nd4 Nxd4 19. Rxd4 Rd8 20. Rhd1 Rxd4 21. Rxd4 Nc6 22.
Rd2 fxe4 23. Rd7 Bh6 24. Rxc7 Rf8 25. Kc2 Nd8 26. Bd7+ Ke7 27. Bc5+ Kf7 28. f5 gxf5 29. Bxf5+ Kg8 30. Bxh7+ Kh8 31. Bxf8 Bxf8 32. Bxe4 Kg8 33. Bxb7 Bh6 34. Bd5+ Kf8 35. Kd3 Bf4 36. Ke4 Bxh2 37. c5 Ke8 38. b4 Bg3 39. a3 Be1 40. Ra7 Bc3 41. Kf5 Bb2 42. Rxa6 Kd7 43. Ra7+ Kc8 44. a4 Ba3 45. Ra8+ Kd7 46. c6+ Kc7 47. b5 Bc5 48. e6 Bd6 49. Kf6 Nb7 50. cxb7 Be7+ 51. Kf7 Kb6 52. Ra6+ Kc5 53. b8=R Bd6 54. Rc6+ Kb4 55. Rd8 Bc5 56. Ra8 Bd4 57. Rc4+ Ka3 58. a5 1-0

[Event "Late-Titled-Tuesday-Blitz-May-28-2024"]
[Site "Chess.com"]
[Date "2024.05.28"]
[Round "6"]
[White "Statham_01"]
[Black "joksijoksi"]
[Result "1-0"]
[WhiteElo "2700"]
[BlackElo "2528"]
[TimeControl "180+1"]
[EndTime "15:07:35 PDT"]
[Termination "Statham_01 won by checkmate"]

1. e4 c5 2. a3 g6 3. Nf3 Bg7 4.
c3 d5 5. e5 Nc6 6. Bb5 e6 7.
Bxc6+ bxc6 8. d4 cxd4 9. cxd4 Ne7 10. h4 h6 11. Nc3 a5 12. Bf4 Ba6 13. Rc1 Rb8 14. Na4 Bc4 15. Nd2 Bb5 16. Nc5 Nf5 17. a4 Bc4 18. b3 Nxh4 19. Qg4 Nf5 20. bxc4 Nxd4 21. O-O h5 22. Qd1 Qh4 23. Bg3 Qe7 24. cxd5 h4 25. d6 Qg5 26. Nde4 Qh6 27. d7+ Kd8 28. Bh2 Qxc1 29. Qxc1 Ne2+ 30. Kh1 Nxc1 31. Rxc1 h3 32. gxh3 Rxh3 33. Kg2 Ra3 34. Rd1 Bf8 35. Nd6 Bxd6 36. exd6 Rc3 37. Ne4 Rc4 38. Nf6 Rxa4 39. Be5 Rh4 40. Kg3 Rh8 41. Rc1 Rb3+ 42. f3 Rb6 43.
Bd4 Rb7 44. Rxc6 Rxd7 45. Ra6 Rb7 46. Ra8+ Rb8 47. Rxb8# 1-0

[Event "Late-Titled-Tuesday-Blitz-May-28-2024"]
[Site "Chess.com"]
[Date "2024.05.28"]
[Round "6"]
[White "kingofthenil"]
[Black "Grebnev_A"]
[Result "1-0"]
[WhiteElo "2936"]
[BlackElo "2660"]
[TimeControl "180+1"]
[EndTime "15:07:36 PDT"]
[Termination "kingofthenil won by resignation"]

1. Nf3 d5 2. e3 Nf6 3. c4 e6 4. a3 Be7 5. b4 O-O 6. Bb2 dxc4 7.
Bxc4 a6 8. O-O Nbd7 9. d4 a5 10. b5 c5 11. bxc6 bxc6 12. Nbd2 c5 13. Rb1 Bb7 14.
Qe2 Qc8 15. Rfc1 Ba6 16. dxc5 Nxc5 17. Ne5 Bxc4 18. Ndxc4 Qa6 19. Bd4 Rab8 20. Qf3 Rxb1 21. Rxb1 Nce4 22. h4 h6 23. g3 Qa8 24. Rb5 Bd8 25. a4 Qc8 26. Kg2 Qa6 27. g4 Nd6 28. Nxd6 Qxd6 29. Bc5 Qxe5 30. Bxf8 Qc7 31. Bc5 Nd5 32.
Bd4 Bxh4 33. Qe4 Be7 34. Qb1 Bb4 35. Qe4 Qc8 36. Be5 Nc7 37. Rb7 Ne8 38. Rb8 Qd7 39.
Qa8 Kh7 40. Rxe8 Qxa4 41. Rh8+ Kg6 42. Qe4+ f5 43. Qb7 fxg4 44. Qxg7+ Kf5 45. Qf6+ Ke4 46. Rd8 Qd7 47. Rxd7 Bd6 48. Rxd6 1-0

[Event "Late-Titled-Tuesday-Blitz-May-28-2024"]
[Site "Chess.com"]
[Date "2024.05.28"]
[Round "6"]
[White "Smiechu"]
[Black "AldokhinIvan"]
[Result "0-1"]
[WhiteElo "2462"]
[BlackElo "2636"]
[TimeControl "180+1"]
[EndTime "15:07:38 PDT"]
[Termination "AldokhinIvan won by checkmate"]

1. e4 c5 2. Nf3 e6 3. d4 cxd4 4. Nxd4 a6 5. Bd3 Qc7 6. Be3 Nf6 7. O-O d5 8. exd5 Nxd5 9. Bd2 Bc5 10. Nb3 Bd6 11. h3 Nc6 12. Nc3 Nf4 13. Re1 Nxd3 14. Nd5 Qd8 15. cxd3 O-O 16. Nf4 b6 17. Qf3 Bb7 18.
Rac1 Qd7 19. Bc3 Ne5 20. Qg3 Ng6 21. Bd2 Rad8 22. Qg4 Bxf4 23. Bxf4 Qxd3 24. Bc7 Rd5 25. Bxb6 Ne5 26. Rxe5 Rxe5 27. Bd4 h5 28. Qf4 Rf5 29. Qh4 e5 30. Be3 Qd5 31. Qg3 Rf6 32. f3 Rg6 33.
Bg5 f6 34. Rc5 Qd1+ 35. Kh2 Rxg5 36. Qf2 Qd6 37. Rc3 e4+ 38. f4 Rf5 39. g3 h4 40.
Nd4 hxg3+ 41. Rxg3 Rxf4 42. Qg2 Rf3 43. Nf5 Rxf5 44. Kh1 Rf7 45. Rg6 Rd5 46. h4 Rd1+ 47.
Qg1 e3+ 48. Rg2 Bxg2+ 49. Kxg2 Rxg1+ 50. Kxg1 Qg3+ 51. Kf1 Qf2# 0-1

[Event "Late-Titled-Tuesday-Blitz-May-28-2024"]
[Site "Chess.com"]
[Date "2024.05.28"]
[Round "6"]
[White "MaiqMaster"]
[Black "KingCyber19"]
[Result "0-1"]
[WhiteElo "2460"]
[BlackElo "2622"]
[TimeControl "180+1"]
[EndTime "15:07:38 PDT"]
[Termination "KingCyber19 won by resignation"]

1. e4 e5 2. Nf3 Nc6 3. Bb5 a6 4.
Ba4 Nf6 5. O-O b5 6. Bb3 Bc5 7. c3 d6 8. d4 Bb6 9. a4 Rb8 10. axb5 axb5 11. Na3 O-O 12. Nxb5 Bg4 13. h3 Bxf3 14.
gxf3 Nh5 15. f4 Nxf4 16. Bxf4 exf4 17. Qg4 Ne7 18. Bc2 c5 19. e5 dxe5 20. dxe5 Ng6 21. Rad1 Qe8 22. Bxg6 hxg6 23. Qe2 f3 24. Qd3 Qxe5 25.
Qxf3 Ba5 26. Rd5 Qe7 27. Nd6 Rxb2 28. Nc4 Ra2 29. Rfd1 Bc7 30. Ne3 Rd8 31. Rxd8+ Bxd8 32. Qd5 Qg5+ 33. Qxg5 Bxg5 34. Rd5 Bh4 35. Ng4 f5 36. Ne5 Bxf2+ 37. Kf1 Kh7 38. Nf3 Be3 39. Ke1 Kh6 40.
Rd8 g5 41. Ne5 g6 42. Rd7 Bf4 43. Nf7+ Kh5 44. Nxg5 Kxg5 45. Rd3 Rg2 46. Rf3 Rg3 47. Rf2 Rxh3 48. Rg2+ Rg3 49. Rf2 Rxc3 50. Ke2 Rc2+ 51. Kf1 Rxf2+ 52. Kxf2 c4 0-1

[Event "Late-Titled-Tuesday-Blitz-May-28-2024"]
[Site "Chess.com"]
[Date "2024.05.28"]
[Round "6"]
[White "OparinGrigoriy"]
[Black "K_A_S_T_O_R"]
[Result "1-0"]
[WhiteElo "3063"]
[BlackElo "2852"]
[TimeControl "180+1"]
[EndTime "15:07:39 PDT"]
[Termination "OparinGrigoriy won by checkmate"]

1. Nf3 c5 2. c4 Nf6 3. Nc3 e6 4.
g3 b6 5. e4 Bb7 6. Qe2 Nc6 7. Bg2 Nd4 8. Nxd4 cxd4 9. Nb1 e5 10.
O-O d6 11. d3 Be7 12. f4 a6 13. Nd2 b5 14. b3 O-O 15. Nf3 Nd7 16. g4 bxc4 17. bxc4 Nc5 18. fxe5 dxe5 19. Nxe5 Qc7 20. Nf3 Rad8 21. g5 Bc8 22. Nh4 g6 23. Bf4 Qa5 24. Nf3 Bg4 25. h3 Bxf3 26. Rxf3 Ne6 27. h4 Nxf4 28.
Rxf4 Bd6 29. Rf3 Qe5 30. Bh3 f6 31. gxf6 Rxf6 32. Raf1 Rdf8 33. Rxf6 Rxf6 34. Rxf6 Qxf6 35. Qg4 Bf4 36. Kg2 Kg7 37. c5 Be3 38. Qg3 Bf4 39.
Qf2 Qe5 40. c6 Be3 41. Qg3 Qc5 42. Bd7 Qc2+ 43. Kh3 Qxd3 44. c7 Qxe4 45. Qg2 Qd3 46. Qf3 Qd2 47. c8=Q Bf4 48. h5 Qh2+ 49. Kg4 gxh5+ 50.
Kf5 Be5 51. Be6 Kh6 52. Qf8+ Bg7 53. Qc5 Qg1 54. Qf4+ Qg5+ 55. Qxg5# 1-0

[Event "Late-Titled-Tuesday-Blitz-May-28-2024"]
[Site "Chess.com"]
[Date "2024.05.28"]
[Round "6"]
[White "NikaVolkov"]
[Black "Genghis_K"]
[Result "0-1"]
[WhiteElo "2759"]
[BlackElo "2942"]
[TimeControl "180+1"]
[EndTime "15:07:40 PDT"]
[Termination "Genghis_K won by resignation"]

1. d4 Nf6 2. c4 e6 3. Nc3 Bb4 4.
Qb3 c5 5. a3 Ba5 6. e3 O-O 7.
Bd3 d5 8. dxc5 Nbd7 9. Qc2 Nxc5 10. b4 Nxd3+ 11. Qxd3 dxc4 12. Qxc4 Bb6 13. Nf3 Bd7 14. O-O Rc8 15. Qb3 Qc7 16. Bb2 Bc6 17. Ne2 Bd5 18.
Qa4 Qc2 19. Qxc2 Rxc2 20. Bxf6 gxf6 21. Ned4 Rc3 22. a4 a6 23. a5 Bd8 24. Rfc1 Rxc1+ 25. Rxc1 Be7 26. Rb1 Rc8 27. Nd2 f5 28. Kf1 Kg7 29.
f3 Bf6 30. Ke2 f4 31. N2b3 Bxb3 32. Nxb3 Rc2+ 33. Kd3 Rc3+ 34. Ke4 fxe3 35. Nc5 e2 36. Re1 Rc2 37. Kd3 Rb2 38. Nxb7 Rxb4 39. Nc5 Rb5 40. Nxa6 Rxa5 41. Nb4 Ra3+ 42. Kxe2 Bc3 43. Rb1 Ra4 44. Nc2 Ra2 45. Kd3 Bf6 46. Rb7 Ra5 47. g4 Rd5+ 48. Ke2 Re5+ 49. Kd3 Bg5 50. Nd4 Re3+ 51. Kc4 Bf6 52.
f4 Re4 53. Rd7 Rxf4 54. h3 e5 0-1

[Event "Late-Titled-Tuesday-Blitz-May-28-2024"]
[Site "Chess.com"]
[Date "2024.05.28"]
[Round "6"]
[White "carokannlover213"]
[Black "TigrVShlyape"]
[Result "1/2-1/2"]
[WhiteElo "2753"]
[BlackElo "2910"]
[TimeControl "180+1"]
[EndTime "15:07:41 PDT"]
[Termination "Game drawn by agreement"]

1. e4 c5 2. Nf3 e6 3. d4 cxd4 4. Nxd4 a6 5. c4 Nf6 6. Nc3 d6 7. f4 b6 8. Be3 Bb7 9. Bd3 Nbd7 10. Qf3 g6 11. O-O Bg7 12. b4 O-O 13. Rac1 e5 14.
Nb3 exf4 15. Bxf4 Ne5 16. Bxe5 dxe5 17. Rcd1 Qe7 18. c5 bxc5 19. Nxc5 a5 20. a3 axb4 21. axb4 Rab8 22. Kh1 Bc8 23. Rb1 Kh8 24. Bc4 h5 25. h3 h4 26. Nd5 Nxd5 27. Bxd5 f5 28. Qd3 f4 29. Qc4 f3 30. Be6 fxg2+ 31. Kxg2 Bxe6 32. Qxe6 Qg5+ 33. Qg4 Qd2+ 34. Kh1 Rxb4 35. Qxh4+ Kg8 36.
Rxf8+ Bxf8 37. Rf1 Rb2 38. Qg3 Qh6 39. Ne6 Be7 40.
Qf3 Kh8 41. Kg1 Qh5 42. Qxh5+ gxh5 43. Kh1 Rb6 44. Nf8 Kg7 45. Nd7 Rb4 46. Rf5 Rxe4 47. Nxe5 Bf6 48. Nf3 Kg6 49. Rd5 Re2 50. Kg1 Be7 51.
Re5 Rxe5 52. Nxe5+ Kf5 53. Nf3 Ke4 54. Kg2 Bf6 55. Nh2 Kf4 56. Nf1 Bd4 57. Ng3 1/2-1/2